Unix NetHack Version 5.0.0-0 post-release - last build May 31 2026 23:59:36 (970b52f25bf058293b47ddfd14a1e40e571c508c,branch:main).

Game began 2026-06-08 19:42:11, ended 2026-06-08 21:15:53.

Drastanta, lawful male human Knight

                                                              ------    -------
               -----               -----                  -----.--.---  |..|..|
              --...|     ---     ---.|.--                --..|.^.....| --..|..|
              |....--  ---.---- --......|                |.......|...---..--.--
             --..|..-- |......--|......--               --....%.---.....*....|
----         |...|...|--.......|--.....---             --......--|........----
|..|         |.......--........| |.......|             |.....--- --........--
|..--        |................------.....--           ##-...----- |@.....|>.|
--..--       |...........--.......---.....--         # |....--..#--q##..-----
 |-..--      |....0.(...--|..----.^---..)..---- -----###-......*....#-#-|
 |....|   ----.........-- ---- ---............---......##...............----
 |-..--   |....|......--      --.....(............-##.......|..##--##--..|.---
 |..--    |.------.----       |..........--#-#..#"#0#######-----      --.....|
 |..|   ---.|    ---          --.....[.....#*---#### *##0              |.....--
 --.|   |...|                  ---.....)...#   0# #**[                 --.....|
  |.-----.---                    ---...^.---#0#*####*#                  --....|
 --.......|                        |...---  ######*##                    --.---
 |..^.-----                        --.--       ##*##                      ---
 |.....|                            ---           *#   *#
 ---.---                                          #####0
   ---                                            #**# *#
Drastanta the Bachelor   St:17 Dx:11 Co:14 In:7 Wi:15 Ch:17  Lawful
Dlvl:5  $:409 HP:0(66) Pw:85(85) AC:8  Xp:9 T:6091 

Latest messages:
 The dog drops a stone.
 What do you want to use or apply? [ipqBES or ?*] ?
 You produce a strange whistling sound.
 The dog vanishes and reappears next to you.
 What do you want to drop? [$fipqvABELMOQSY or ?*] ?
 You drop a cursed whistle.
 The dog picks up a leash.
 The dog misses the mountain nymph.
 The dog misses the mountain nymph.
 The dog misses the mountain nymph.
 The dog bites the mountain nymph.
 The mountain nymph pretends to be friendly to the dog.
 The mountain nymph smiles at the dog engagingly.
 The mountain nymph steals a leash from the dog!
 You can't go down here.
 You can't go down here.
 What do you want to zap? [pBE or ?*] ?
 In what direction? 4
 You kill the mountain nymph!
 h - a cursed white potion.
 There are several more objects here.
 You learn more about your items by comparing them.
 M - an uncursed milky potion (2 in total).
 What do you want to call? [hpvABELMOQY or ?*] ?
 Call a milky potion: ObjDet
 You see here 10 rocks.
 You see here a yellow gem.
 You see here a yellow gem.
 What do you want to use or apply? [ipBES or ?*] ?
 You produce a strange whistling sound.
 Your dog appears.
 The dog is still eating.
 You descend the stairs.
 The baluchitherium hits!
 The baluchitherium hits again!
 What do you want to zap? [pBE or ?*] ?
 In what direction? 2
 The bolt of cold hits the baluchitherium!
 What do you want to zap? [pBE or ?*] p
 In what direction? 2
 The bolt of cold hits the baluchitherium!
 The baluchitherium hits!
 The baluchitherium hits again!
 What do you want to zap? [pBE or ?*] p
 Nothing happens.
 The baluchitherium hits!
 The baluchitherium hits again!
 You die...
 Do you want your possessions identified? [ynq] (y) y
 Do you want to see your attributes? [ynq] (y) q

Inventory:
 Coins    ('$')
  $ - 409 gold pieces
 Armor    ('[')
  f - an uncursed +0 pair of leather gloves (being worn)
  v - an uncursed +0 pair of kicking boots (being worn)
 Scrolls  ('?')
  Q - an uncursed scroll of genocide
  L - an uncursed scroll of light
 Potions  ('!')
  h - a cursed potion of full healing
  O - 2 uncursed potions of healing
  M - 2 uncursed potions of object detection
  A - a potion of holy water
 Rings    ('=')
  Y - an uncursed +1 ring of protection
 Wands    ('/')
  p - a wand of cold (0:0)
  E - a wand of striking (0:8)
  B - a wand of striking (0:7)
 Tools    ('(')
  S - an uncursed lock pick
  i - an uncursed magic whistle

Drastanta the Knight's attributes:

Background:
 You were a Bachelor, a level 9 male human Knight.
 You were lawful, on a mission for Lugh
 who was opposed by Brigit (neutral) and Manannan Mac Lir (chaotic).
 You were right-handed.
 You were in the Gnomish Mines, on level 5.
 You entered the dungeon 6091 turns ago.
 You had 2667 experience points, 2453 more were needed to attain level 10.

Basics:
 You had 0 out of 66 hit points.
 You had all 85 energy points (spell power).
 Your armor class was 8.
 Your wallet contained 409 zorkmids.
 Autopickup was on for '$' plus thrown.

Final Characteristics:
 Your strength was 17 (peak:18, limit:18/100).
 Your dexterity was 11 (limit:18).
 Your constitution was 14 (limit:18).
 Your intelligence was 7 (limit:18).
 Your wisdom was 15 (limit:18).
 Your charisma was 17 (limit:18).

Final Status:
 You weren't hungry.
 You were unencumbered.
 You were empty handed.
 You were unskilled in bare handed combat.

Final Attributes:
 You were piously aligned.
 You were telepathic.
 You could jump.
 You were fast.
 You are dead.

Miscellaneous:
 You didn't encounter any bones levels.
 Total elapsed playing time was 1 hour, 33 minutes and 42 seconds.

Major events:
 Turn
    1: Drastanta the lawful male human Knight entered the dungeon
  590: entered the Gnomish Mines
  624: attained the rank of Esquire (level 3)
 1552: attained the rank of Bachelor (level 6)
 1716: reached Mine Town
 1936: made his first wish - "blessed fixed +3 gray dragon scale mail", got "a gray dragon scale mail"
 2935: wished for "Blessed fixed +3 shield of reflection", got "a polished silver shield"
 4816: was given Excalibur by the Lady of the Lake
 4989: acquired the Mines' End luckstone
 6091: killed by a chameleon imitating a baluchitherium

You didn't know any spells.

Skills:
 Fighting Skills
   bare handed combat [Unskilled]
   two weapon combat  [Unskilled]
   riding             [Basic]
 Weapon Skills
   dagger             [Unskilled]
   knife              [Unskilled]
   axe                [Unskilled]
   pick-axe           [Unskilled]
   short sword        [Unskilled]
   broadsword         [Unskilled]
   long sword         [Expert]
   two-handed sword   [Unskilled]
   saber              [Unskilled]
   club               [Unskilled]
   mace               [Unskilled]
   morning star       [Unskilled]
   flail              [Unskilled]
   hammer             [Unskilled]
   polearms           [Unskilled]
   spear              [Unskilled]
   trident            [Unskilled]
   lance              [Basic]
   bow                [Unskilled]
   crossbow           [Unskilled]
 Spellcasting Skills
   attack spells      [Unskilled]
   healing spells     [Unskilled]
   clerical spells    [Unskilled]

Voluntary challenges:
 Character rerolling was not enabled.
 You never genocided any monsters.
 You never polymorphed an object.
 You never changed form.
 You used 2 wishes.
 You did not wish for any artifacts.
Achievements:
 You entered the Gnomish Mines.
 You attained the rank of Esquire.
 You attained the rank of Bachelor.
 You entered Minetown.
 You entered a temple.
 You entered a shop.
 You completed the Gnomish Mines.

 The Dungeons of Doom: levels 1 to 3
    Level 1:
       Some fountains.
    Level 2:
       A fountain.
       Stairs down to The Gnomish Mines.
    Level 3:
 The Gnomish Mines: levels 3 to 11
    Level 3:
    Level 4:
    Level 5: <- You were here.
       Final resting place for
          you, killed by a chameleon imitating a baluchitherium.
    Level 6:
       Many shops, a temple and an altar to Lugh, some fountains.
    Level 7:
    Level 8:
    Level 9:
    Level 10:
    Level 11:
       A fountain.


Vanquished creatures:
  a vampire leader
  a vampire
  a large mimic
  a giant zombie
  5 wargs
  a small mimic
 an ettin mummy
  a quantum mechanic
  a flaming sphere
  a shocking sphere
  a dwarf ruler
 an ochre jelly
  a leocrotta
 an energy vortex
 an ettin zombie
  a crocodile
  a giant beetle
  a lynx
  a gremlin
  2 scorpions
  a black light
  a vampire bat
  a gnome ruler
 an orc mummy
  3 ogres
  3 Green-elves
  a dingo
  a jaguar
  a dwarf leader
  a raven
  a plains centaur
  7 gnome mummies
  a snake
 an imp
  a water nymph
  2 mountain nymphs
 an Uruk-hai
  a rock piercer
  a rock mole
  2 fog clouds
  a yellow light
  a shrieker
 14 gnome leaders
  2 gnomish wizards
  a gray ooze
  5 elf zombies
  2 ghouls
  3 giant ants
  a little dog
  2 floating eyes
  a kitten
  8 dwarves
  a homunculus
  8 hill orcs
  a rothe
  a monkey
 an orc zombie
  a dwarf zombie
  2 iguanas
  2 coyotes
  2 gas spores
  2 hobbits
  a large kobold
  a hobgoblin
  a giant rat
  4 cave spiders
  a brown mold
 54 gnomes
  a gnome zombie
  4 geckos
  a jackal
  2 foxes
  7 sewer rats
  a grid bug
  a lichen
  2 kobold zombies
  4 newts
204 creatures vanquished.

No species were genocided or became extinct.

Game over:
                       ----------
                      /          \
                     /    REST    \
                    /      IN      \
                   /     PEACE      \
                  /                  \
                  |    Drastanta     |
                  |      409 Au      |
                  |   killed by a    |
                  |    chameleon     |
                  |   imitating a    |
                  |  baluchitherium  |
                  |       2026       |
                 *|     *  *  *      | *
        _________)/\\_//(\/(/\)/\//\/|_)_______

Fare thee well Drastanta the Knight...

You died in The Gnomish Mines on dungeon level 5 with 16265 points,
and 409 pieces of gold, after 6091 moves.
You were level 9 with a maximum of 66 hit points when you died.

